 Dungeon Crawl Stone Soup version 0.23-a0-319-gb40ba49 (webtiles) character file.

17 Garbasso the Shield-Bearer (level 2, -2/24 HPs)
             Began as a Formicid Fighter on Oct 14, 2018.
             Slain by a hobgoblin
             ... wielding a +0 club
              (4 damage)
             ... on level 1 of the Dungeon.
             The game lasted 00:01:21 (302 turns).

Garbasso the Shield-Bearer (Formicid Fighter)        Turns: 302, Time: 00:01:21

Health: -2/24      AC:  6    Str: 20    XL:     2   Next: 80%
Magic:  2/2        EV:  7    Int:  7    God:
Gold:   31         SH:  9    Dex: 10    Spells: 1/1 levels left

rFire    . . .     SeeInvis +   a - +0 long sword
rCold    . . .     Gourm    .   c - +0 shield
rNeg     . . .     Faith    .   b - +0 scale mail
rPois    .         Spirit   .   (helmet unavailable)
rElec    .         Reflect  .   (no cloak)
rCorr    .         Harm     .   (no gloves)
MR       .....                  (no boots)
Stlth    ..........             (no amulet)
HPRegen  0.08/turn              (no ring)
MPRegen  0.08/turn              (no ring)

@: no status effects
A: permanent stasis, dig shafts and tunnels, four strong arms, antennae 3
a: Dig, Shaft Self


You were on level 1 of the Dungeon.
You were not hungry.

You visited 1 branch of the dungeon, and saw 1 of its levels.

You collected 31 gold pieces.

Inventory:

Hand Weapons
 a - a +0 long sword (weapon)
Armour
 b - a +0 scale mail (worn)
 c - a +0 shield (worn)
Scrolls
 e - a scroll of random uselessness {unknown}
 i - a scroll of magic mapping {unknown}
Potions
 d - a potion of might
 g - a potion of lignification {unknown}
 j - a potion of degeneration {unknown}
 k - 3 potions of heal wounds {unknown}
 l - a potion of berserk rage {unknown}
 m - a potion of ambrosia {unknown}
Comestibles
 f - 2 rations
 h - 2 chunks of flesh


   Skills:
 + Level 3.5 Fighting
 * Level 2.4 Long Blades
 + Level 3.5 Armour
 + Level 3.8 Shields


You had one spell level left.
You didn't know any spells.
Your spell library was empty.

Dungeon Overview and Level Annotations

Branches:
Dungeon (1/15)

Altars:


Innate Abilities, Weirdness & Mutations

You cannot be hasted, slowed, berserked, paralysed or teleported.
You can dig through walls and to a lower floor.
Your four strong arms can wield two-handed weapons with a shield.
You have a pair of large antennae on your head. (SInv)


Message History

* * * LOW HITPOINT WARNING * * *
You block the bat's attack. The bat hits you but does no damage. x2
You slash the bat!
You kill the bat!
You closely miss the hobgoblin. You block the hobgoblin's attack. x2
You barely miss the hobgoblin. The hobgoblin barely misses you.
The rat twitches its whiskers.
You hit the hobgoblin.
The hobgoblin is almost dead.
The hobgoblin hits you with a club.
* * * LOW HITPOINT WARNING * * *
You barely miss the hobgoblin.
The hobgoblin is almost dead.
You block the hobgoblin's attack.
You closely miss the hobgoblin.
The hobgoblin is almost dead.
The hobgoblin hits you but does no damage.
The hobgoblin hits you with a club.
You die...

......)†...#####..#.#...##.
....................#.##...
......†.......#.#.#.#.##.##
......#...........#.#.##.#.
......#.#.....#...#.#..#.#.
......+.......#...#.##.#.#.
......#..rrr..#.....##.#.#.
#.### ####g#....#.#....#...
#. ###@######.#.######
#...#...##........
#####.###.#.##.##.####
#...........##.##.#
#.####.........##.######
#.....######....... #.....#
#....... #.....# #.......
#.....######.......


You could see a hobgoblin and 3 rats.

Vanquished Creatures
  A dart slug (D:1)
  A leopard gecko (D:1)
  A hobgoblin (D:1)
  A ball python (D:1)
  5 bats (D:1)
  2 goblins (D:1)
  2 kobolds (D:1)
  4 rats (D:1)
17 creatures vanquished.

Notes
Turn   | Place    | Note
-------+----------+-------------------------------------------
     0 | D:1      | Garbasso the Formicid Fighter began the quest for the Orb.
     0 | D:1      | Reached XP level 1. HP: 18/18 MP: 1/1
    80 | D:1      | Reached XP level 2. HP: 21/24 MP: 2/2
   302 | D:1      | Slain by a hobgoblin

Vault maps used:
D:1:      dpeg_arrival_rooms_b, hangedman_decor_peaks_small, minmay_pentomino_x4

Action                   || total
-------------------------++-------
Melee: Long sword        ||    50
Armor: Scale mail        ||    52
Dodge: Dodged            ||    26
Block: Shield            ||    58
       Rpst.: Long sword ||     7

Table legend:
 A = Non-vault XP
 B = Vault XP
 C = Vault XP percentage of total XP
 D = Non-vault monster count
 E = Vault monster count
 F = Vault count percentage of total count
                 A         B        C        D         E       F
            +---------+---------+-------+---------+---------+-------
      Total |      23 |       2 |   8.0 |      15 |       2 |  11.8
            +---------+---------+-------+---------+---------+-------
        D:1 |      23 |       2 |   8.0 |      15 |       2 |  11.8
            +---------+---------+-------+---------+---------+-------
